 Dungeon Crawl Stone Soup version 0.31-a0-1178-gc5c9b8f871 (webtiles) character file.

Game seed: 5820153515383993465

910 night the Stinger (level 7, 0/69 HPs)
             Began as a Demonspawn Venom Mage on Dec 11, 2023.
             Was a Follower of Cheibriados.
             Succumbed to a water moccasin's poison
             ... on level 5 of the Dungeon.
             The game lasted 00:15:38 (5189 turns).

night the Stinger (Demonspawn Venom Mage)           Turns: 5189, Time: 00:15:39

Health: 0/69       AC:  7    Str: 11    XL:     7   Next: 81%
Magic:  15/15      EV: 12    Int: 21    God:    Cheibriados [*.....]
Gold:   243        SH:  0    Dex: 16    Spells: 7/17 levels left

rFire   . . .        C - +3 whip
rCold   . . .        (no shield)
rNeg    + . .        a - +0 robe
rPois   .            i - +0 helmet
rElec   .            s - +0 cloak
rCorr   .            q - +0 pair of gloves
SInv    .            (no boots)
Will    .....        (no amulet) Stlth
                     n - ring of positive energy
HPRegen 0.31/turn    (no ring)
MPRegen 0.14/turn

%: no passive effects
@: confused, mighty, berserking (expiring), lethally poisoned (0 -> -21),
ambrosia-drunk, very slow
A: icy blue scales 1, foul stench 2, demonic touch 1
a: Renounce Religion, Bend Time


You were on level 5 of the Dungeon.
You worshipped Cheibriados.
Cheibriados was aware of your devotion.
You visited 2 branches of the dungeon, and saw 6 of its levels.

You collected 243 gold pieces.

Inventory:

Hand Weapons
 c - a +0 spear
 r - a +2 quarterstaff of chaos
 C - a +3 whip (weapon)
Missiles
 d - 43 stones
 o - 6 poisoned darts
 p - 3 silver javelins
 x - a throwing net
Armour
 a - a +0 robe (worn)
 h - a +0 buckler
 i - a +0 helmet (worn)
 q - a +0 pair of gloves (worn)
 s - a +0 cloak (worn)
Jewellery
 n - a ring of positive energy (left hand)
 B - a ring of fire
 G - an amulet of magic regeneration
Scrolls
 f - a scroll of revelation {unknown}
 g - 3 scrolls of amnesia
 j - a scroll of silence {unknown}
 l - a scroll of teleportation {unknown}
 t - 2 scrolls of immolation {unknown}
 u - a scroll of noise {unknown}
 v - 3 scrolls of vulnerability {unknown}
 w - a scroll of enchant weapon {unknown}
 y - a scroll of poison {unknown}
 E - a scroll of blinking {unknown}
Potions
 b - a potion of magic
 e - 3 potions of enlightenment
 k - a potion of might
 m - 3 potions of mutation
 z - a potion of attraction {unknown}
 A - a potion of ambrosia
 F - a potion of brilliance {unknown}


   Skills:
 - Level 1.7 Staves
 - Level 1.7 Dodging
 - Level 1.7 Stealth
 + Level 5.9 Spellcasting
 - Level 0.8 Transmutations
 + Level 6.8 Poison Magic


You had 7 spell levels left.
You knew the following spells:

 Your Spells              Type           Power      Damage    Failure   Level
a - Sting                 Tmut/Pois      88%        1d7       1%          1
b - Poisonous Vapours     Pois/Air       40%        N/A       3%          2
c - Mephitic Cloud        Conj/Pois/Air  15%        N/A       12%         3
d - Olgreb's Toxic Radia  Pois           35%        N/A       6%          4

Your spell library contained the following spells:

 Spells                   Type           Power      Damage    Failure   Level
 Sandblast                Erth           12%        2d6       10%         1
 Summon Small Mammal      Summ           24%        N/A       10%         1
 Passwall                 Tmut/Erth      6%         N/A       13%         2
 Call Canine Familiar     Summ           6%         N/A       30%         3
 Ozocubu's Armour         Ice            6%         N/A       30%         3
 Stone Arrow              Conj/Erth      12%        3d7       30%         3
 Summon Guardian Golem    Hex/Summ       6%         N/A       30%         3
 Brom's Barrelling Bould  Conj/Erth      6%         2d3       69%         4
 Metabolic Englaciation   Hex/Ice        3%         N/A       95%         5
 Simulacrum               Ice/Necr       3%         N/A       100%        6


Dungeon Overview and Level Annotations

Branches:
Dungeon (5/15)             Temple (1/1) D:4

Altars:
Ashenzari
Cheibriados
Fedhas
Hepliaklqana
Kikubaaqudgha
Makhleb
Nemelex Xobeh
Okawaru
Qazlal
Ru
Sif Muna
Trog
Uskayaw
Wu Jian
Xom

Annotations:
Temple 2 transporters


Innate Abilities, Weirdness & Mutations

You are partially covered in icy blue scales. (AC +2)
You sometimes emit foul miasma when damaged in melee.
Your touch may inflict minor irresistible damage on your foes.


Message History

Press: ? - help, Shift-Dir - straight line, f/p - water moccasin
Aim: a water moccasin (heavily wounded, very poisoned, 60% to hit)
The sting hits the water moccasin.
The water moccasin partially resists.
The water moccasin looks as sick as possible!
The water moccasin is heavily wounded.
You feel very sick. The water moccasin closely misses you.
The water moccasin bites you.
You are more poisoned.
The water moccasin poisons you!
You aren't carrying any items that you can evoke.
You feel very mighty all of a sudden.
* * * LOW HITPOINT WARNING * * *
You feel very sick. The water moccasin bites you.
* * * LOW HITPOINT WARNING * * *
You are more poisoned.
The water moccasin poisons you!
It was a potion of ambrosia.
You are confused.
You feel invigorated.
* * * LOW HITPOINT WARNING * * *
You feel very sick.
The water moccasin bites you but does no damage.
It was a potion of berserk rage.
A red film seems to cover your vision as you go berserk!
Cheibriados protects you from inadvertent hurry.
You feel mighty!
* * * LOW HITPOINT WARNING * * *
You feel very sick. The water moccasin bites you.
* * * LOW HITPOINT WARNING * * *
The water moccasin barely misses you.
You're too confused to move!
You feel a strong urge to attack something.
* * * LOW HITPOINT WARNING * * *
You feel very sick. The water moccasin closely misses you.
You closely miss the water moccasin. Your touch misses the water moccasin.
The water moccasin is almost dead.
You die...

##.####...#.#.#
#.##....#.⌠.# .#
#.##.##..#.#.# #.
#.##.##...## #. #........##
##. ####.##..# ##..##
#......# ♣#.#..#
####..##.#.⌠.# #.⌠.#.###.##
#.........#.#♣#♣ #..@S...#
#.#######.####.####.#†##..#
#.# #..##.⌠.##.##.# # #.#
#...##.##.###.# #.#
#.....#..## #.. #.#
#.###...## ### #.# #.#
##### #.#######.#
#.........#


You could see a water moccasin (very poisoned).

Vanquished Creatures
  Grinder (D:3)
  2 scorpions (D:4)
  2 hounds
  An orc priest (D:4)
  A jelly (D:4)
  A gnoll bouda (D:3)
  Crazy Yiuf (D:3)
  Jessica (D:2)
  Terence (D:3)
  2 iguanas
  3 orc wizards
  9 gnolls
  4 adders
  A worm (D:2)
  2 dart slugs
  17 orcs
  5 bats
  4 endoplasms
  2 giant cockroaches
  3 goblins
  10 hobgoblins
  3 quokkas
  9 ball pythons
  4 frilled lizards
  11 kobolds
  4 rats
104 creatures vanquished.

Notes
Turn   | Place    | Note
-------+----------+-------------------------------------------
     0 | D:1      | night the Demonspawn Venom Mage began the quest for the
                  | Orb.
     0 | D:1      | Reached XP level 1. HP: 13/13 MP: 3/3
   363 | D:1      | Gained mutation: You may rarely emit foul miasma when
                  | damaged in melee. [demonic ancestry]
   363 | D:1      | Reached XP level 2. HP: 16/19 MP: 0/5
   462 | D:1      | Learned a level 2 spell: Poisonous Vapours
  1143 | D:2      | Found a blossoming altar of Fedhas.
  1174 | D:2      | Noticed Jessica
  1199 | D:2      | Killed Jessica
  1200 | D:2      | Gained mutation: You are partially covered in icy blue
                  | scales. (AC +2) [demonic ancestry]
  1200 | D:2      | Reached XP level 3. HP: 11/24 MP: 1/7
  1344 | D:2      | Identified the +0 ring mail "Guoclent" {Str+2}
  1536 | D:2      | Reached skill level 4 in Poison Magic
  1652 | D:2      | Reached XP level 4. HP: 28/30 MP: 4/8
  1657 | D:2      | Learned a level 4 spell: Olgreb's Toxic Radiance
  2231 | D:2      | Found a faded altar of an unknown god.
  2389 | D:3      | Noticed Terence
  2416 | D:3      | Killed Terence
  2703 | D:3      | Found a runed translucent door.
  2704 | D:3      | Noticed Crazy Yiuf
  2710 | D:3      | Learned a level 3 spell: Mephitic Cloud
  2721 | D:3      | Killed Crazy Yiuf
  2722 | D:3      | Gained mutation: Your touch may inflict minor irresistible
                  | damage on your foes. [demonic ancestry]
  2722 | D:3      | Reached XP level 5. HP: 35/35 MP: 0/10
  2843 | D:3      | Noticed Grinder
  2859 | D:3      | Killed Grinder
  2860 | D:3      | Reached skill level 5 in Poison Magic
  2860 | D:3      | Gained mutation: You sometimes emit foul miasma when
                  | damaged in melee. [demonic ancestry]
  2860 | D:3      | Reached XP level 6. HP: 19/41 MP: 3/12
  3713 | D:3      | Reached skill level 5 in Spellcasting
  4057 | D:4      | Reached XP level 7. HP: 46/46 MP: 9/14
  4066 | D:4      | Reached skill level 1 in Staves
  4078 | D:4      | Reached skill level 6 in Poison Magic
  4144 | D:4      | Found a staircase to the Ecumenical Temple.
  4149 | Temple   | Found a transporter.
  4149 | Temple   | Found a transporter.
  4149 | Temple   | Found a transporter.
  4149 | Temple   | Found a transporter.
  4149 | Temple   | Entered the Ecumenical Temple
  4168 | Temple   | Became a worshipper of Cheibriados the Contemplative
  4576 | D:4      | Reached * piety under Cheibriados
  4992 | D:5      | Entered Level 5 of the Dungeon
  5186 | D:5      | HP: 6/46 [poisoned by a water moccasin]
  5187 | D:5      | HP: 2/69 [water moccasin (6)]
  5189 | D:5      | Succumbed to a water moccasin's poison

Illustrated notes

Levels and vault maps discovered:
D:1:      minmay_arrival_floating_metal, layout_loops_ring
D:2:      layout_basic, basic_altar, hellmonk_ecumenical_altar_prayer_group,
          st_stairs_9, uniq_jessica
D:3:      layout_loops_corners, uniq_terence, uniq_crazy_yiuf_cottage,
          uniq_grinder
D:4:      layout_cave_pools, temple_doors_cd
D:5:      layout_loops_cross, gammafunk_ghost_cemetery, grunt_decor_mini_mirrors
Temple:   hellmonk_temple_divided_pantheon

Skill      XL: |  1  2  3  4  5  6  7 |
---------------+----------------------+-----
Spellcasting   | 3 4 5 |  5.9
Poison Magic   | 4 5 6 |  6.8
Staves         | 1 |  1.7
Dodging        | |  1.7
Stealth        | |  1.7
Transmutations | |  0.8

Action                     |  1- 3 |  4- 6 |  7- 9 || total
---------------------------+-------+-------+-------++-------
  Melee: Spear             |    36 |    17 |       ||    53
         Quarterstaff      |       |    30 |     5 ||    35
         Whip              |       |       |    34 ||    34
         Touch             |       |       |     1 ||     1
         Punch             |       |       |     1 ||     1
   Cast: Sting             |    22 |    32 |    12 ||    66
         Poisonous Vapours |    19 |    27 |     6 ||    52
         Olgreb's Toxic Ra |       |     8 |     9 ||    17
         Mephitic Cloud    |       |     1 |       ||     1
    Use: Scroll            |       |     4 |       ||     4
         Potion            |       |       |     3 ||     3
   Stab: Confused          |       |     1 |       ||     1
         Sleeping          |       |     1 |       ||     1
 Armour: Robe              |    35 |    37 |    35 ||   107
  Dodge: Dodged            |    38 |    33 |    36 ||   107

Table legend: (Time is in decaauts)
 A = Elapsed time spent in this place.
 B = Non-inter-level travel time spent in this place.
 C = Inter-level travel time spent in this place.
 D = Time resting spent in this place.
 E = Time spent auto-exploring this place.
 F = Levels seen in this place.
 G = Mean time per level.
                   A        B        C        D        E       F      G
               +--------+--------+--------+--------+--------+-----+--------+
         Total |   5423 |   5308 |    115 |    796 |   3582 |   6 |  903.8 |
       Dungeon |   5377 |   5270 |    107 |    796 |   3582 |   5 | 1075.4 |
        Temple |     46 |     39 |      7 |      0 |      0 |   1 |   46.0 |
               +--------+--------+--------+--------+--------+-----+--------+

Top non-repeatable levels by time:
     D:3: 1540 daAuts
     D:2: 1277 daAuts
     D:4: 1206 daAuts
     D:1: 1111 daAuts
     D:5: 241 daAuts
  Temple: 46 daAuts
